 Dungeon Crawl Stone Soup version 0.22.1-1-ga44c0e56f4 (webtiles) character file.

7825 Ivernyr the Geomancer (level 11, -15/81 HPs)
             Began as a Deep Dwarf Earth Elementalist on Sept 29, 2018.
             Was a Priest of Elyvilon.
             Shot with a bolt by an orc warlord (16 damage)
             ... in a bailey.
             The game lasted 01:08:18 (12781 turns).

Ivernyr the Geomancer (DDEE)                       Turns: 12781, Time: 01:08:19

Health: -15/81     AC:  5    Str: 11    XL:     11   Next: 1%
Magic:  17/20      EV: 16    Int: 20    God:    Elyvilon [***...]
Gold:   518        SH:  6    Dex: 13    Spells: 8/23 levels left

rFire    + . .     SeeInvis .   l - +1 long sword (slice)
rCold    . . .     Gourm    .   x - +1 buckler "Sumpotol" {rN++ MR+++ Slay-3}
rNeg     + + .     Faith    .   c - +0 robe
rPois    +         Spirit   .   (no helmet)
rElec    .         Reflect  .   Q - +2 cloak
rCorr    .         Harm     .   (no gloves)
MR       ++++.                  (no boots)
Stlth    ++........             H - amulet of magic regeneration
HPRegen  0.00/turn              w - ring of protection from fire
MPRegen  0.42/turn              J - ring of poison resistance

@: non-regenerating
A: damage resistance, heal wounds, sense surroundings 2, no regeneration
a: Heal Wounds, Lesser Healing, Heal Other, Purification, Divine Protection,
Renounce Religion


You were in a bailey.
You worshipped Elyvilon.
Elyvilon was most pleased with you.
You were not hungry.

You visited 1 branch of the dungeon, and saw 10 of its levels.
You also visited: Ossuary and Bailey.

You collected 518 gold pieces.

Inventory:

Hand Weapons
 l - a +1 long sword of slicing (weapon)
Missiles
 b - 121 stones (quivered)
Armour
 c - a +0 robe (worn)
 x - the +1 buckler "Sumpotol" (worn) {rN++ MR+++ Slay-3}
   (You found it on level 4 of the Dungeon)

   It affects your accuracy and damage with ranged weapons and melee attacks
   (-3).
   It greatly protects you from negative energy.
   It affects your resistance to hostile enchantments.
 Q - a +2 cloak (worn)
Jewellery
 w - a ring of protection from fire (left hand)
 H - an amulet of magic regeneration (around neck)
 J - a ring of poison resistance (right hand)
Wands
 q - a wand of flame (9)
 y - a wand of acid (4)
 z - a wand of paralysis (10)
 D - a wand of polymorph (16)
 N - a wand of enslavement (4)
Scrolls
 a - 5 scrolls of teleportation {unknown}
 g - 4 scrolls of amnesia {unknown}
 i - 4 scrolls of enchant weapon {unknown}
 j - 3 scrolls of blinking {unknown}
 k - 4 scrolls of immolation {unknown}
 o - 14 scrolls of identify
 r - a scroll of noise {unknown}
 t - 2 scrolls of fear {unknown}
 v - 2 scrolls of remove curse {unknown}
 F - a scroll of summoning {unknown}
 G - a scroll of enchant armour {unknown}
 M - a scroll of fog {unknown}
 O - a scroll of random uselessness {unknown}
Potions
 e - 4 potions of brilliance {unknown}
 f - 4 potions of curing {unknown}
 h - 2 potions of resistance
 m - 2 potions of ambrosia {unknown}
 n - a potion of berserk rage {unknown}
 p - 3 potions of degeneration {unknown}
 s - a potion of magic {unknown}
 A - 2 potions of mutation {unknown}
 B - a potion of heal wounds {unknown}
 C - a potion of invisibility {unknown}
 E - 2 potions of might {unknown}
 I - 2 potions of agility {unknown}
 K - a potion of haste {unknown}
 L - 3 potions of lignification {unknown}
Miscellaneous
 P - a lamp of fire (inert)
Comestibles
 d - 16 rations


   Skills:
 + Level 7.8 Dodging
 - Level 2.4 Stealth
 - Level 4.1 Shields
 + Level 6.8 Spellcasting
 - Level 0.8 Transmutations
 * Level 14.3 Earth Magic
 + Level 8.3 Invocations


You had 8 spell levels left.
You knew the following spells:

 Your Spells              Type           Power        Failure   Level  Hunger
a - Sandblast             Erth           ######       1%          1    None
b - Passwall              Tmut/Erth      #####...     1%          2    None
c - Stone Arrow           Conj/Erth      #####.       1%          3    #......
d - Petrify               Tmut/Erth      #####...     4%          4    ###....
e - Lee's Rapid Deconstr  Erth           ######....   1%          5    #####..

Your spell library contained the following spells:

 Spells                   Type           Power        Failure   Level  Hunger
 Freeze                   Ice            #...         10%         1    None


Dungeon Overview and Level Annotations

Branches:
Dungeon (10/15)            Temple (0/1) D:7            Lair (0/6) D:10
    Orc (0/2) D:9

Altars:
Cheibriados
Dithmenos
Elyvilon
Fedhas
Hepliaklqana
Kikubaaqudgha
Makhleb
Nemelex Xobeh
Okawaru
Ru
Sif Muna
Wu Jian
Zin
Beogh

Shops:
D:6 =%(


Innate Abilities, Weirdness & Mutations

You are resistant to damage.
You can heal yourself by infusing magical energy.
You passively map the area around you.
You do not regenerate.


Message History

The hobgoblin hits you but does no damage.
The goblin barely misses you. The orc knight misses you.
The orc knight roars a battlecry!
The orc knight goes into a battle-frenzy!
The orc knight no longer looks unusually strong.
The orc warlord roars a battlecry!
The orc knight goes into a battle-frenzy!
You block the orc knight's attack. The orc knight barely misses you.
You see here a bolt.
There is an open door, spattered with blood here.
Items here: ))) [[[ The orc knight completely misses you.
Things that are here:
a hand axe; a leather armour; an orc corpse
There is an open gate here.
Your divine protection fades away.
Things that are here:
a hand axe; a ring mail The orc warlord shoots a bolt.
The bolt hits you!
You die...

)))...(.# .....(..#
..).)(.### ♣♣♣
.....#)#.### ♣♣♣.♣♣♣♣♣
##.###.....###♣.......♣
###......o.o##.......♣♣
#.....)g.).)#.....)..♣ ,
#.........g.')......♣♣
,#.....⌠....)o)@∩.∩).♣♣
#......))).)'.....)..♣
,,#......)))..#........♣
, ##...).....##.......♣♣
*,###.....###♣.♣.....♣ ,
,#'#.### ♣♣♣♣...♣♣ ,
...### ♣♣♣♣♣ .... .... ,


You could see an orc warlord, 2 orc knights, a hobgoblin and a goblin.

Vanquished Creatures
  A two-headed ogre (D:8)
  An orc knight (Bailey)
  3 hippogriffs
  A hungry ghost (D:8)
  A soldier ant (D:9)
  8 orc warriors
  2 black bears
  2 sky beasts
  3 ice beasts
  A phantom (D:4)
  4 centaurs
  3 ogres
  2 big kobolds
  5 bullfrogs
  10 scorpions
  5 killer bees (D:9)
  15 wights
  3 howler monkeys
  A bullfrog zombie (D:5)
  3 crimson imps
  A centaur zombie (Ossuary)
  3 human zombies (Ossuary)
  A centaur skeleton (D:4)
  A gnoll shaman (D:6)
  7 orc priests
  Crazy Yiuf (D:4)
  5 hounds
  3 jellies
  13 orc wizards
  3 bullfrog skeletons
  5 iguanas
  4 worker ants
  A killer bee zombie (D:8)
  A big kobold zombie (Ossuary)
  3 mummies (Ossuary)
  A worker ant zombie (D:7)
  15 gnolls
  7 scorpion zombies (Ossuary)
  8 adders
  A shadow imp (D:7)
  An ooze (D:2)
  3 worms
  4 dart slugs
  6 leopard geckos
  50 orcs
  2 ball pythons
  5 bats
  10 giant cockroaches
  23 goblins
  23 hobgoblins
  10 jackals
  15 kobolds
  2 quokkas
  6 frilled lizards
  A gnoll zombie (Ossuary)
  4 hobgoblin zombies (Ossuary)
  2 kobold zombies (Ossuary)
  A leopard gecko skeleton (D:4)
  An orc zombie (Ossuary)
  A quokka skeleton (D:7)
  6 rats
334 creatures vanquished.

Vanquished Creatures (others)
  A plant (D:4)
1 creature vanquished.

Grand Total: 335 creatures vanquished

Notes
Turn   | Place    | Note
-------+----------+-------------------------------------------
     0 | D:1      | Ivernyr the Deep Dwarf Earth Elementalist began the quest
                  | for the Orb.
     0 | D:1      | Reached XP level 1. HP: 15/15 MP: 3/3
   172 | D:1      | Reached XP level 2. HP: 20/22 MP: 4/4
   203 | D:1      | Learned a level 2 spell: Passwall
   743 | D:1      | Reached XP level 3. HP: 28/28 MP: 6/6
   781 | D:1      | Learned a level 3 spell: Stone Arrow
   862 | D:2      | Reached skill level 5 in Earth Magic
   925 | D:2      | Found a burning altar of Makhleb.
  1159 | D:2      | Reached XP level 4. HP: 29/36 MP: 0/7
  2321 | D:3      | Found a hazy altar of Hepliaklqana.
  2468 | D:3      | Reached skill level 6 in Earth Magic
  2674 | D:3      | Found an ancient bone altar of Kikubaaqudgha.
  2701 | D:3      | Reached XP level 5. HP: 30/42 MP: 2/8
  2969 | D:3      | Found a snail-covered altar of Cheibriados.
  3348 | D:3      | Found a glowing silver altar of Zin.
  3348 | D:3      | Noticed an angel
  3968 | D:4      | Found a runed door.
  3972 | D:4      | Noticed Crazy Yiuf
  3975 | D:4      | Killed Crazy Yiuf
  4098 | D:4      | Noticed a phantom
  4120 | D:4      | Killed a phantom
  4120 | D:4      | Reached skill level 7 in Earth Magic
  4120 | D:4      | Reached XP level 6. HP: 9/49 MP: 1/10
  4236 | D:4      | Got a transparent buckler
  4265 | D:4      | Reached skill level 1 in Shields
  4719 | D:4      | Found an iron altar of Okawaru.
  4776 | D:4      | Found a blossoming altar of Fedhas.
  5034 | D:4      | Reached skill level 8 in Earth Magic
  5034 | D:4      | Reached XP level 7. HP: 21/55 MP: 5/12
  5143 | D:5      | Entered Level 5 of the Dungeon
  5732 | D:5      | Found a deep blue altar of Sif Muna.
  5783 | D:5      | Identified Sif Muna's Volume of Cold
  5900 | D:5      | Found a white marble altar of Elyvilon.
  5908 | D:5      | Became a worshipper of Elyvilon the Healer
  5921 | D:5      | Reached skill level 9 in Earth Magic
  6356 | D:5      | Reached XP level 8. HP: 5/62 MP: 3/14
  6775 | D:5      | Reached skill level 1 in Invocations
  7068 | D:6      | Reached skill level 10 in Earth Magic
  7230 | D:6      | Found Cuhiun's Jewellery Boutique.
  7402 | D:6      | Identified the +1 buckler "Sumpotol" {rN++ MR+++ Slay-3}
                  | (You found it on level 4 of the Dungeon)
  7428 | D:6      | Reached * piety under Elyvilon
  7709 | D:6      | Learned a level 4 spell: Petrify
  7715 | D:6      | Learned a level 5 spell: Lee's Rapid Deconstruction
  7744 | D:6      | Found Efunaiz's Antique Weapon Shop.
  7882 | D:6      | Found Uruxyoh's Food Boutique.
  8521 | D:7      | Noticed a hippogriff
  8528 | D:7      | Killed a hippogriff
  8528 | D:7      | Reached skill level 5 in Spellcasting
  8528 | D:7      | Reached skill level 11 in Earth Magic
  8528 | D:7      | Gained mutation: You passively map the area around you.
                  | [Deep Dwarf growth]
  8528 | D:7      | Reached XP level 9. HP: 65/68 MP: 8/15
  8616 | D:7      | Reached skill level 5 in Dodging
  8696 | D:7      | Reached ** piety under Elyvilon
  8706 | D:7      | Reached skill level 5 in Invocations
  8757 | D:7      | Found a staircase to the Ecumenical Temple.
  8873 | D:7      | Found a sand-covered staircase.
  8882 | Ossuary  | Entered an ossuary
  9245 | Ossuary  | Reached skill level 12 in Earth Magic
  9996 | D:7      | Found a shadowy altar of Dithmenos.
 10126 | D:8      | Noticed a two-headed ogre
 10137 | D:8      | Killed a two-headed ogre
 10137 | D:8      | Reached XP level 10. HP: 62/75 MP: 1/17
 10393 | D:8      | Reached skill level 13 in Earth Magic
 10599 | D:8      | Found an ornate altar of the Wu Jian Council.
 10716 | D:8      | Found a sparkling altar of Nemelex Xobeh.
 10938 | D:8      | Found a sacrificial altar of Ru.
 11031 | D:9      | Found a staircase to the Orcish Mines.
 11037 | D:9      | Reached *** piety under Elyvilon
 11657 | D:9      | Reached **** piety under Elyvilon
 11854 | D:9      | Found a roughly hewn altar of Beogh.
 11917 | D:10     | Entered Level 10 of the Dungeon
 11998 | D:10     | Reached skill level 14 in Earth Magic
 12043 | D:10     | Found a flagged portal.
 12049 | Bailey   | Entered a bailey
 12464 | Bailey   | Noticed an orc knight
 12548 | Bailey   | Killed an orc knight
 12632 | Bailey   | Reached XP level 11. HP: 67/81 MP: 1/20
 12720 | Bailey   | Noticed an orc knight
 12751 | Bailey   | Noticed an orc knight
 12761 | Bailey   | Noticed an orc warlord
 12768 | Bailey   | HP: 1/81 [orc knight/war axe (24)]
 12768 | Bailey   | Elyvilon protects you from harm!
 12781 | Bailey   | Shot with a bolt by an orc warlord

Skill      XL: |  1  2  3  4  5  6  7  8  9 10 |
---------------+-------------------------------+-----
Spellcasting   | 2 3 4 5 6 |  6.8
Earth Magic    | 5 6 7 8 9 11 12 14 | 14.3
Dodging        | 3 4 6 7 |  7.8
Shields        | 1 3 4 |  4.1
Invocations    | 4 6 8 |  8.3
Stealth        | |  2.4
Transmutations | |  0.8

Action                   |  1- 3 |  4- 6 |  7- 9 | 10-12 || total
-------------------------+-------+-------+-------+-------++-------
Melee: Unarmed           |   158 |    17 |       |       ||   175
       Dagger            |       |    75 |    18 |       ||    93
       Long sword        |       |       |    52 |    35 ||    87
 Cast: Sandblast         |    11 |    38 |   125 |    59 ||   233
       Stone Arrow       |     4 |    32 |    82 |   144 ||   262
       Passwall          |       |       |     2 |     1 ||     3
       Lee's Rapid Decon |       |       |     2 |     8 ||    10
       Petrify           |       |       |     1 |     9 ||    10
Invok: Lesser Healing    |       |       |     4 |    14 ||    18
       Greater Healing   |       |       |       |     1 ||     1
       Divine Protection |       |       |       |     1 ||     1
 Abil: Heal Wounds       |     2 |     3 |     3 |     1 ||     9
Evoke: Wand              |       |       |       |     2 ||     2
       Lamp of fire      |       |       |       |     1 ||     1
  Use: Scroll            |       |       |     1 |       ||     1
 Stab: Sleeping          |     4 |       |       |       ||     4
  Eat: Chunk             |     2 |    15 |    16 |    17 ||    50
       Ration            |       |       |     2 |       ||     2
Armor: Robe              |    22 |    22 |    22 |    14 ||    80
Dodge: Dodged            |   120 |    74 |    72 |    63 ||   329
Block: Buckler           |       |       |    23 |    24 ||    47
       Rpst.: Long sword |       |       |    17 |    20 ||    37
